 Dungeon Crawl Stone Soup version 0.29-a0-817-g9904bce7a6 (webtiles) character file.

Game seed: 17374052361887281511

2394 ders the Thaumaturge (level 9, 0/55 HPs)
             Began as a Djinni Conjurer on July 5, 2022.
             Was an Initiate of Ashenzari.
             Killed by divine providence
             ... invoked by an orc priest
              (15 damage)
             ... on level 7 of the Dungeon.
             The game lasted 00:10:02 (7846 turns).

ders the Thaumaturge (Djinni Conjurer)              Turns: 7846, Time: 00:10:03

Health: 0/55       AC:  2    Str:  6    XL:     9   Next: 74%
Gold:   339        EV: 12    Int: 24    God:    Ashenzari [......] SH:  5 Dex: 12

rFire   + + .      SeeInvis .   n - staff of conjuration
rCold   x . .      Faith    .   (no shield)
rNeg    . . .      Spirit   .   a - +0 robe
rPois   ∞          Reflect  +   (no helmet)
rElec   .          Harm     .   (no cloak)
rCorr   .          Rampage  .   (no gloves)
Will    .....                   (boots unavailable)
Stlth   ++........              v - amulet of reflection
HPRegen 0.18/turn               (no ring)
MPRegen 0.00/turn               (no ring)

@: flying
A: sickness immunity, fire resistance 2, cold vulnerability 1, float, innate
caster, HP casting, extra vitality 1
a: Renounce Religion, Curse Item


You were on level 7 of the Dungeon.
You worshipped Ashenzari.
Ashenzari was noncommittal.
You visited 1 branch of the dungeon, and saw 7 of its levels.

You collected 339 gold pieces.

Inventory:

Hand Weapons
 t - the +9 quarterstaff "Juguhav" {protect, Will+ rCorr}
   (You took it off an orc on level 5 of the Dungeon)

   It grants its wielder temporary protection when it strikes (+7 to AC).
   rCorr:     It protects you from acid and corrosion.
   Will:      It increases your willpower.
Missiles
 y - a throwing net
Armour
 a - a +0 robe (worn)
 p - a +0 tower shield
Magical Staves
 n - a staff of conjuration (weapon)
Jewellery
 e - an amulet of the acrobat
 v - an amulet of reflection (around neck)
Wands
 q - a wand of mindburst (8)
 A - a wand of quicksilver (10)
Scrolls
 b - 2 scrolls of silence {unknown}
 d - 3 scrolls of noise {unknown}
 f - 5 scrolls of enchant armour {unknown}
 g - 4 scrolls of teleportation {unknown}
 i - a scroll of summoning {unknown}
 k - a scroll of blinking {unknown}
 l - 3 scrolls of immolation {unknown}
 o - 2 scrolls of identify {unknown}
 r - a scroll of magic mapping {unknown}
 s - a scroll of poison {unknown}
 w - a scroll of amnesia {unknown}
 z - a scroll of vulnerability {unknown}
Potions
 c - 2 potions of degeneration
 h - a potion of ambrosia {unknown}
 j - 5 potions of curing
 m - a potion of magic {unknown}
 u - a potion of resistance {unknown}
 x - a potion of berserk rage {unknown}


   Skills:
 - Level 2.1 Dodging
 - Level 1.5 Stealth
 + Level 10.2 Spellcasting


You had 5 spell levels left.
You knew the following spells:

 Your Spells              Type           Power      Damage    Failure   Level
a - Magic Dart            Conj           100%       1d8       1%          1
b - Searing Ray           Conj           100%       2d8       1%          2
c - Dazzling Flash        Conj/Hex       100%       N/A       1%          3
d - Fulminant Prism       Conj/Hex       37%        3d18      1%          4
e - Iskenderun's Mystic   Conj/Tloc      75%        2d15      1%          4
f - Necrotise             Necr           100%       1d9       1%          1
g - Blink                 Tloc           100%       N/A       1%          2
h - Call Imp              Summ           57%        N/A       1%          2
i - Flame Wave            Conj/Fire      75%        2d13      1%          4
Your spell library was empty.

Dungeon Overview and Level Annotations

Branches:
Dungeon (7/15)             Temple (0/1) D:6

Altars:
Ashenzari
Trog

Annotations:
D:3 2 transporters


Innate Abilities, Weirdness & Mutations

You are immune to sickness and miasma.
You are immune to poison.
Your flesh is very heat resistant. (rF++)
You are vulnerable to cold. (rC-)
You float through the air rather than walking.
You learn spells naturally, not from books.
Your magical power is your life essence.
You have superior vitality. (+4 MHP)


Message History

Unknown command.
Casting: Searing Ray (safe; 1% risk of failure)
Confirm with . or Enter, or press ? or * to list all spells.
Restarting spell: Searing Ray (safe; 1% risk of failure)
Press: ? - help, Shift-Dir - straight line, f/p - orc priest
Aim: an orc priest, wielding a +0 dagger and wearing a +0 scale mail (heavily wounded, 85% to hit)
You feel a surge of power!
The searing ray hits the orc priest.
The orc priest is severely wounded. (Press . to maintain the ray.)
The orc priest calls down the wrath of Beogh upon you.
Beogh smites you!
Unknown command.
Casting: Searing Ray (safe; 1% risk of failure)
Confirm with . or Enter, or press ? or * to list all spells.
Restarting spell: Searing Ray (safe; 1% risk of failure)
Press: ? - help, Shift-Dir - straight line, f/p - orc priest
Aim: an orc priest, wielding a +0 dagger and wearing a +0 scale mail (severely wounded, 85% to hit)
You feel a surge of power!
The searing ray hits the orc priest.
The orc priest is almost dead. (Press . to maintain the ray.) Unknown command.
Casting: Searing Ray (safe; 1% risk of failure)
Confirm with . or Enter, or press ? or * to list all spells.
Restarting spell: Searing Ray (safe; 1% risk of failure)
Press: ? - help, Shift-Dir - straight line, f/p - orc priest
Aim: an orc priest, wielding a +0 dagger and wearing a +0 scale mail (severely wounded, 85% to hit)
You feel a surge of power!
The searing ray misses the orc priest. (Press . to maintain the ray.)
The orc priest looks braver for a moment.
Unknown command.
Casting: Searing Ray (safe; 1% risk of failure)
Confirm with . or Enter, or press ? or * to list all spells.
You feel a surge of power!
You erupt in a blast of force!
The mystic blast hits the water moccasin!!
The water moccasin is severely wounded.
The water moccasin is knocked back by the mystic blast.
* * * LOW HITPOINT WARNING * * *
The orc priest mumbles some strange prayers to Beogh against you.
Beogh smites you!
You die...

## #. ### .. #. #...
###.##.####....
...............
....S.....o....
##........)...
#.>.....))..... ##..
#.@#### . .....#..#..
.# #...#.# .###
##..#.##.....
##....#..#.#...##
##........#... ..#
#..###.#.##.(###.#
...#.......##...#..#
#.....<.............#


You could see a water moccasin and an orc priest.

Vanquished Creatures
  Grinder (D:5)
  Sigmund (D:3)
  A water moccasin (D:4)
  2 ice beasts
  A black bear (D:6)
  A centaur (D:7)
  A phantom (D:4)
  3 bullfrogs
  5 scorpions
  A necrophage (D:6)
  4 wights (D:5)
  A jelly (D:6)
  5 hounds
  2 orc priests (D:5)
  5 iguanas
  7 orc wizards
  A gnoll bouda (D:6)
  3 gnolls (D:6)
  3 adders
  A shadow imp (D:5)
  2 worms
  3 dart slugs
  27 orcs
  3 bats
  4 endoplasms
  2 giant cockroaches (D:3)
  7 goblins
  7 hobgoblins
  2 jackals (D:3)
  4 quokkas
  6 ball pythons
  3 frilled lizards
  7 kobolds
  4 rats
130 creatures vanquished.

Vanquished Creatures (others)
  22 fulminant prisms
22 creatures vanquished.

Grand Total: 152 creatures vanquished

Notes
Turn   | Place    | Note
-------+----------+-------------------------------------------
     0 | D:1      | ders the Djinni Conjurer began the quest for the Orb.
     0 | D:1      | ders set off with the following spells memorised: Magic
                  | Dart, Searing Ray, Dazzling Flash, Fulminant Prism,
                  | Iskenderun's Mystic Blast.
     0 | D:1      | Reached XP level 1. HP: 15/15 MP: 0/0
   314 | D:1      | Reached XP level 2. HP: 20/21 MP: 0/0
  1249 | D:2      | Reached XP level 3. HP: 20/25 MP: 0/0
  1249 | D:2      | Learned a level 1 spell: Necrotise
  1313 | D:2      | Found a faded altar of an unknown god.
  1514 | D:2      | Reached skill level 4 in Spellcasting
  2197 | D:3      | Found a transporter.
  2279 | D:3      | Reached XP level 4. HP: 29/31 MP: 0/0
  2326 | D:3      | Found a transporter.
  2391 | D:3      | Noticed Sigmund
  2403 | D:3      | Killed Sigmund
  2404 | D:3      | Reached skill level 5 in Spellcasting
  2404 | D:3      | Reached XP level 5. HP: 3/35 MP: 0/0
  2404 | D:3      | Learned a level 2 spell: Blink
  2404 | D:3      | Reached XP level 6. HP: 3/40 MP: 0/0
  3301 | D:4      | Found a large runed translucent door.
  3302 | D:4      | Found a large runed translucent door.
  3580 | D:4      | Reached skill level 6 in Spellcasting
  3584 | D:4      | Reached XP level 7. HP: 38/45 MP: 0/0
  3584 | D:4      | Learned a level 2 spell: Call Imp
  3775 | D:4      | Noticed a water moccasin
  3784 | D:4      | Killed a water moccasin
  4405 | D:4      | Reached skill level 7 in Spellcasting
  4514 | D:4      | Found a bloodstained altar of Trog.
  4543 | D:5      | Entered Level 5 of the Dungeon
  4556 | D:5      | Reached XP level 8. HP: 41/50 MP: 0/0
  4631 | D:5      | Noticed Grinder
  5351 | D:5      | Reached skill level 8 in Spellcasting
  5717 | D:5      | Identified the +9 quarterstaff "Juguhav" {protect, Will+
                  | rCorr}
  5850 | D:5      | Killed Grinder
  5851 | D:5      | Reached XP level 9. HP: 29/55 MP: 0/0
  5851 | D:5      | Learned a level 4 spell: Flame Wave
  6185 | D:6      | Found a broken altar of Ashenzari.
  6197 | D:6      | Became a worshipper of Ashenzari the Shackled
  6205 | D:6      | Reached skill level 9 in Spellcasting
  6587 | D:6      | Found a staircase to the Ecumenical Temple.
  7293 | D:7      | Reached skill level 10 in Spellcasting
  7846 | D:7      | Killed from afar by an orc priest

Illustrated notes

Levels and vault maps discovered:
D:1:      dpeg_arrival_rhombus, layout_loops_ring
D:2:      minmay_skewed_foursquare, layout_basic, serial_corexii_hall,
          chequers_hall_statues_wall_a, chequers_hall_statues_y,
          corexii_hall_statues_i, basic_ecumenical_altar, basic_altar,
          grunt_decor_mini_mirrors
D:3:      gammafunk_wand_slinger, layout_basic, uniq_sigmund
D:4:      layout_basic, jmf_multi_god_temple2
D:5:      layout_loops_cross, uniq_grinder
D:6:      layout_cave_pools, cheibrodos_ashenzari_chains,
          minmay_temple_entry_stoned_glass, nrook_mini_vaults
D:7:      layout_loops_ring, nicolae_overflow_hidden_temple

Skill      XL: |  1  2  3  4  5  6  7  8  9 |
---------------+----------------------------+-----
Spellcasting   | 4 5 6 7 8 10 | 10.2
Dodging        | |  2.1
Stealth        | |  1.5

Action                   |  1- 3 |  4- 6 |  7- 9 || total
-------------------------+-------+-------+-------++-------
Melee: Staff             |       |       |     1 ||     1
 Cast: Magic Dart        |    72 |    28 |    88 ||   188
       Searing Ray       |     1 |     4 |    55 ||    60
       Fulminant Prism   |       |     4 |    18 ||    22
       Iskenderun's Myst |       |       |    23 ||    23
  Use: Potion            |       |     2 |       ||     2
Armor: Robe              |       |       |     2 ||     2
Dodge: Dodged            |       |     1 |    19 ||    20
Block: Other             |       |       |     1 ||     1

Table legend: (Time is in decaauts)
 A = Elapsed time spent in this place.
 B = Non-inter-level travel time spent in this place.
 C = Inter-level travel time spent in this place.
 D = Time resting spent in this place.
 E = Time spent auto-exploring this place.
 F = Levels seen in this place.
 G = Mean time per level.
                   A        B        C        D        E       F      G
               +--------+--------+--------+--------+--------+-----+--------+
         Total |   7850 |   7580 |    270 |   1686 |   5277 |   7 | 1121.4 |
       Dungeon |   7850 |   7580 |    270 |   1686 |   5277 |   7 | 1121.4 |
               +--------+--------+--------+--------+--------+-----+--------+

Top non-repeatable levels by time:
     D:4: 1515 daAuts
     D:5: 1335 daAuts
     D:3: 1242 daAuts
     D:6: 1153 daAuts
     D:2: 1035 daAuts
     D:1: 1005 daAuts
     D:7: 562 daAuts
